 Dungeon Crawl Stone Soup version 0.27-a0-40-g5f2be0e231 (webtiles) character file.

Game seed: 9562337682754346266

4500 bhex the Destroyer (level 10, 0/53 HPs)
             Began as a Tengu Conjurer on Jan 5, 2021.
             Was a Priest of Makhleb.
             Succumbed to a cane toad's poison
             ... in a Gauntlet.
             The game lasted 01:02:53 (7891 turns).

bhex the Destroyer (Tengu Conjurer)                 Turns: 7891, Time: 01:02:53

Health: 0/53       AC:  7    Str: 11    XL:     10   Next: 38%
Magic:  1/24       EV: 19    Int: 22    God:    Makhleb [***...]
Gold:   361        SH:  8    Dex: 15    Spells: 13/27 levels left

rFire    + . .     SeeInvis .   n - +3 great mace "Piamnam" {drain, Str+4}
rCold    . . .     Faith    .   (shield currently unavailable)
rNeg     . . .     Spirit   +   u - +1 robe {rF+}
rPois    .         Reflect  .   (helmet restricted)
rElec    .         Harm     .   q - +0 cloak
rCorr    .         Rampage  .   v - +0 pair of gloves
Will     .....     NoTele   +   (boots unavailable)
Stlth    ++........             o - brooch of Shielding {Spirit SH+8}
HPRegen  0.17/turn              l - +4 ring of evasion
MPRegen  0.19/turn              (no ring)

@: lethally poisoned (0 -> -8)
A: beak, talons 3, iridescent scales 1, agile 1, blurry vision 1, teleportitis
1, able to fly
a: Fly, Renounce Religion, Minor Destruction, Lesser Servant of Makhleb


You were in a Gauntlet.
You worshipped Makhleb.
Makhleb was most pleased with you.
You visited 2 branches of the dungeon, and saw 9 of its levels.
You also visited: Ossuary and Gauntlet.

You collected 361 gold pieces.

Inventory:

Hand Weapons
 d - a +1 whip
 e - a +2 dire flail of draining
 n - the +3 great mace "Piamnam" (weapon) {drain, Str+4}
   (You took it off an ogre on level 6 of the Dungeon)

   A truly terrible weapon, it drains the life of those it strikes.
   It affects your strength (+4).
 w - a +2 hunting sling of flaming
Missiles
 k - 2 throwing nets
 x - 26 sling bullets
Armour
 a - a +0 robe
 q - a +0 cloak (worn)
 u - a +1 robe of fire resistance (worn)
 v - a +0 pair of gloves (worn)
Jewellery
 g - an uncursed amulet of the acrobat
 l - a +4 ring of evasion (left hand)
 o - the brooch of Shielding (around neck) {Spirit SH+8}
   (You found it on level 6 of the Dungeon)

   [amulet of guardian spirit]

   It causes incoming damage to be split between your health and magic.
   It affects your SH (+8).
Wands
 f - a wand of polymorph (10)
 s - a wand of digging (3)
Scrolls
 b - 2 scrolls of teleportation
 i - 3 scrolls of amnesia
 m - 2 scrolls of fog
 p - 2 scrolls of remove curse
 r - 2 scrolls of summoning
Potions
 c - a potion of might
 j - 4 potions of curing
 t - a potion of attraction {unknown}


   Skills:
 + Level 1.8 Fighting
 + Level 2.0 Maces & Flails
 + Level 5.0 Dodging
 + Level 3.4 Stealth
 + Level 0.1 Shields
 * Level 9.4 Spellcasting
 * Level 12.7 Conjurations
 + Level 0.5 Hexes


You had 13 spell levels left.
You knew the following spells:

 Your Spells              Type           Power        Failure   Level
a - Magic Dart            Conj           100%         1%          1
b - Searing Ray           Conj           100%         1%          2
c - Dazzling Flash        Conj/Hex       78%          1%          3
d - Iskenderun's Mystic   Conj/Tloc      38%          4%          4
e - Fulminant Prism       Conj/Hex       19%          4%          4

Your spell library contained the following spells:

 Spells                   Type           Power        Failure   Level


Dungeon Overview and Level Annotations

Branches:
Dungeon (8/15)             Temple (0/1) D:5            Lair (1/6) D:8
Ossuary (visited)         Gauntlet (1/1)

Altars:
Makhleb
Sif Muna
Uskayaw


Innate Abilities, Weirdness & Mutations

You have a beak for a mouth.
You have claws for feet.
You can fly continuously.
You are partially covered in iridescent scales. (AC +2)
You are agile. (Dex +2)
Scrolls take you a little longer to read.
You are occasionally teleported next to monsters.


Message History

You block the eight-headed hydra's attack.
The eight-headed hydra misses you.
You block the eight-headed hydra's attack.
There is a gate leading to a gauntlet here.
Beware, the minotaur awaits!
The eight-headed hydra misses you.
The eight-headed hydra closely misses you. x2
You block the eight-headed hydra's attack.
The eight-headed hydra bites you! x2
* * * LOW HITPOINT WARNING * * *
You block the eight-headed hydra's attack. x2
The cane toad stings you!
* * * LOW HITPOINT WARNING * * *
You are lethally poisoned!
The cane toad poisons you!
The world spins around you as you enter the gateway.
You enter a gauntlet!
The nature of this place prevents you from teleporting.
You feel stable on this floor.
You die...

##©#.#
##..#.# #
##...#h##..
##≈.∩.#.....
##≈≈...######
#≈≈≈.⌠.......
#≈≈...######
#≈.@.###..5
##...###...
##..#5.+##
##©#5.#©#
.#5.##+
.###...
.###.3.
.######


You could see a sixfirhy (wandering), a wolf (wandering) and 4 ufetubi.

Vanquished Creatures
  Erica (D:8)
  The ghost of SkaryMonk the Insei, a novice OpTm of Wu Jian (D:6)
  Joseph (D:8)
  2 gargoyles (D:8)
  Prince Ribbit (D:8)
  Edmund (D:5)
  2 orc warriors
  2 sky beasts (D:6)
  2 black bears
  5 ogres
  2 bullfrogs
  A scorpion (D:5)
  5 wights (D:6)
  A howler monkey (D:6)
  5 electric eels (D:7)
  2 bullfrog zombies (D:7)
  2 hounds (D:4)
  2 centaur skeletons
  An iguana (D:5)
  4 orc wizards
  2 worker ants
  A hound zombie (D:5)
  A hound skeleton (D:4)
  2 worker ant zombies
  A howler monkey skeleton (D:6)
  4 adders
  A white imp (D:6)
  An adder zombie (D:8)
  An adder skeleton (D:4)
  3 worms (D:2)
  2 dart slugs
  2 leopard geckos (D:4)
  10 orcs
  11 bats
  4 giant cockroaches
  9 goblins
  5 hobgoblins
  2 jackals (D:3)
  4 quokkas
  A frilled lizard (D:3)
  2 gnoll skeletons (Ossuary)
  2 jackal zombies (D:7)
  4 kobolds
  3 kobold skeletons (Ossuary)
  3 orc skeletons (Ossuary)
  A quokka zombie (D:6)
  3 rats
128 creatures vanquished.

Vanquished Creatures (others)
  12 fulminant prisms
  2 plants (D:7)
14 creatures vanquished.

Grand Total: 142 creatures vanquished

Notes
Turn   | Place    | Note
-------+----------+-------------------------------------------
     0 | D:1      | bhex the Tengu Conjurer began the quest for the Orb.
     0 | D:1      | Reached XP level 1. HP: 10/10 MP: 4/4
   427 | D:1      | Reached XP level 2. HP: 15/15 MP: 1/6
   602 | D:1      | Learned a level 2 spell: Searing Ray
   791 | D:2      | Reached XP level 3. HP: 19/19 MP: 0/7
   952 | D:2      | Reached skill level 6 in Conjurations
  1077 | D:2      | Learned a level 3 spell: Dazzling Flash
  1281 | D:2      | Reached XP level 4. HP: 24/24 MP: 5/8
  1354 | D:2      | Found a faded altar of an unknown god.
  1388 | D:2      | Became a worshipper of Makhleb the Destroyer
  1388 | D:2      | Reached * piety under Makhleb
  2144 | D:3      | Found a hide-covered altar of Uskayaw.
  2495 | D:4      | Gained mutation: You can fly continuously. [Tengu growth]
  2495 | D:4      | Reached XP level 5. HP: 25/28 MP: 2/10
  2643 | D:4      | Found a sand-covered staircase.
  2656 | Ossuary  | Entered an ossuary
  2656 | Ossuary  | Noticed a wraith
  2656 | Ossuary  | Noticed a wraith
  2656 | Ossuary  | Noticed a wraith
  3065 | D:4      | Reached ** piety under Makhleb
  3066 | D:4      | Reached skill level 7 in Conjurations
  3095 | D:4      | Learned a level 4 spell: Iskenderun's Mystic Blast
  3254 | D:5      | Entered Level 5 of the Dungeon
  3454 | D:5      | Reached XP level 6. HP: 32/32 MP: 3/12
  3866 | D:5      | Reached skill level 8 in Conjurations
  3866 | D:5      | Reached XP level 7. HP: 37/37 MP: 7/15
  3874 | D:5      | Learned a level 4 spell: Fulminant Prism
  3977 | D:5      | Noticed Edmund
  3978 | D:5      | Gained mutation: You are occasionally teleported next to
                  | monsters. [potion of mutation]
  3978 | D:5      | Gained mutation: You are agile. (Dex +2) [potion of
                  | mutation]
  3978 | D:5      | Gained mutation: Scrolls take you a little longer to read.
                  | [potion of mutation]
  3978 | D:5      | Gained mutation: You are partially covered in iridescent
                  | scales. (AC +2) [potion of mutation]
  3987 | D:5      | Killed Edmund
  3988 | D:5      | Reached skill level 5 in Spellcasting
  4074 | D:5      | Found a staircase to the Ecumenical Temple.
  4586 | D:6      | Reached skill level 1 in Maces & Flails
  4596 | D:6      | Noticed SkaryMonk's ghost (novice OpTm)
  4597 | D:6      | Found a transporter.
  4597 | D:6      | Identified the +3 great mace "Piamnam" {drain, Str+4}
  4598 | D:6      | Found the brooch of Shielding {Spirit SH+8}
  4766 | D:6      | Found a transporter.
  4785 | D:6      | Reached skill level 9 in Conjurations
  4785 | D:6      | Reached XP level 8. HP: 42/42 MP: 12/17
  4820 | D:6      | Killed SkaryMonk's ghost
  4821 | D:6      | Reached skill level 1 in Fighting
  4821 | D:6      | Reached skill level 10 in Conjurations
  5008 | D:6      | Reached XP level 9. HP: 47/47 MP: 15/20
  5384 | D:6      | Found a shimmering blue altar of Sif Muna.
  5424 | D:6      | Reached *** piety under Makhleb
  6243 | D:7      | Reached skill level 11 in Conjurations
  7022 | D:8      | Noticed Prince Ribbit
  7026 | D:8      | Killed Prince Ribbit
  7051 | D:8      | Noticed Erica
  7070 | D:8      | Killed Erica
  7071 | D:8      | Reached skill level 12 in Conjurations
  7071 | D:8      | Reached XP level 10. HP: 40/53 MP: 6/24
  7355 | D:8      | Found a staircase to the Lair.
  7379 | D:8      | Noticed a gargoyle
  7388 | D:8      | Killed a gargoyle
  7581 | D:8      | Noticed Joseph
  7608 | D:8      | Killed Joseph
  7609 | D:8      | Reached skill level 5 in Dodging
  7788 | D:8      | Noticed a gargoyle
  7800 | D:8      | Killed a gargoyle
  7877 | Lair:1   | Entered Level 1 of the Lair of Beasts
  7878 | Lair:1   | Found a gate leading to a gauntlet.
  7878 | Lair:1   | Noticed an eight-headed hydra
  7879 | Lair:1   | Noticed a cane toad
  7879 | Lair:1   | Noticed a cane toad
  7890 | Lair:1   | HP: 1/53 [cane toad (9)]
  7891 | Gauntlet | Entered a Gauntlet
  7891 | Gauntlet | Found a runed translucent door.
  7891 | Gauntlet | Found a transporter.
  7891 | Gauntlet | Found a runed translucent door.
  7891 | Gauntlet | Found a transporter.
  7891 | Gauntlet | Noticed a sixfirhy
  7891 | Gauntlet | Succumbed to a cane toad's poison

Illustrated notes

Levels and vault maps discovered:
D:1:      dpeg_arrival_circle_labyrinth_c, layout_basic, feat_on_display
D:2:      layout_basic, chequers_ecumenical_altar_simple_redux
D:3:      layout_loops_ring, eat_drink_and_be_merry_uskayaw
D:4:      layout_loops_cross, nicolae_ossuary_entry_ruins,
          minmay_misc_feat_encased
D:5:      layout_basic, minmay_temple_entry_glassed_door, uniq_edmund
D:6:      layout_layer_cave, gammafunk_ghost_smash, lemuel_blue_sif_altar
D:7:      wad_lake_hut, layout_basic, serial_curves, eino_curves_02,
          eino_curves_01, eino_curves_02
D:8:      cheibrodos_statue_roulette, layout_gridville, lair_entry_dummy,
          minmay_misc_feat_rows, due_unseen_surprise, uniq_erica,
          uniq_prince_ribbit1, uniq_joseph
Lair:1:   layout_hall_layers, gauntlet_entry_generic, serial_bayou_pond_b,
          grunt_megastairs_3
Gauntlet: minmay_gauntlet_77_indecision [minmay_gauntlet_arena_77_cramped,
          minmay_gauntlet_arena_77_hold_the_fort, minmay_gauntlet_arena_77_fan,
          minmay_gauntlet_arena_77_two_lines,
          minmay_gauntlet_arena_77_radiant_squares,
          minmay_gauntlet_arena_77_path, gauntlet_exit_spiral]

Skill      XL: |  1  2  3  4  5  6  7  8  9 10 |
---------------+-------------------------------+-----
Conjurations   | 6 7 8 9 10 12 | 12.7
Spellcasting   | 3 4 5 7 9 |  9.4
Dodging        | 3 4 5 |  5.0
Maces & Flails | 1 2 |  2.0
Fighting       | 1 |  1.8
Stealth        | 3 |  3.4
Shields        | |  0.1
Hexes          | |  0.5

Action                   |  1- 3 |  4- 6 |  7- 9 | 10-12 || total
-------------------------+-------+-------+-------+-------++-------
Melee: Whip              |    16 |     4 |       |       ||    20
       Kick              |     3 |     1 |       |       ||     4
       Dire flail        |       |       |     1 |       ||     1
       Great mace        |       |       |     3 |     2 ||     5
       Peck              |       |       |     1 |       ||     1
 Cast: Magic Dart        |    52 |    71 |    24 |       ||   147
       Searing Ray       |     4 |    16 |    33 |     9 ||    62
       Fulminant Prism   |       |       |    11 |     1 ||    12
  Use: Scroll            |     6 |     6 |     5 |     2 ||    19
       Potion            |     1 |     4 |     4 |     1 ||    10
Armor: Robe              |     6 |     1 |     1 |     2 ||    10
       Skin              |       |       |     2 |       ||     2
Dodge: Dodged            |    27 |    10 |    40 |    16 ||    93
Block: Other             |       |       |     4 |    12 ||    16

Table legend: (Time is in decaauts)
 A = Elapsed time spent in this place.
 B = Non-inter-level travel time spent in this place.
 C = Inter-level travel time spent in this place.
 D = Time resting spent in this place.
 E = Time spent auto-exploring this place.
 F = Levels seen in this place.
 G = Mean time per level.
                   A        B        C        D        E       F      G
               +--------+--------+--------+--------+--------+-----+--------+
         Total |   7923 |   7778 |    145 |    887 |   4718 |  11 |  720.3 |
       Dungeon |   7863 |   7718 |    145 |    887 |   4718 |   8 |  982.9 |
          Lair |     13 |     13 |      0 |      0 |      0 |   1 |   13.0 |
       Ossuary |     46 |     46 |      0 |      0 |      0 |   1 |   46.0 |
      Gauntlet |      0 |      0 |      0 |      0 |      0 |   1 |    0.0 |
               +--------+--------+--------+--------+--------+-----+--------+

Top non-repeatable levels by time:
     D:6: 1454 daAuts
     D:7: 1292 daAuts
     D:5: 1032 daAuts
     D:8: 898 daAuts
     D:4: 893 daAuts
     D:2: 863 daAuts
     D:1: 737 daAuts
     D:3: 692 daAuts
 Ossuary: 46 daAuts
  Lair:1: 13 daAuts
